[Event "13th Chennai Open 2022"]
[Site "Chennai"]
[Date "2022.06.20"]
[Round "2.10"]
[White "Srijit Paul"]
[Black "Swapna C N"]
[Result "1-0"]
[ECO "B33"]
[WhiteElo "2399"]
[BlackElo "1628"]
[Annotator "TA"]
[PlyCount "53"]
[EventDate "2022.06.19"]
[EventType "swiss"]
[EventCountry "IND"]
[SourceTitle "playchess.com"]
[Source "ChessBase"]
[SourceQuality "1"]
[TimeControl "5400+30"]

1. e4 c5 2. Nf3 Nc6 3. d4 cxd4 4. Nxd4 e5 5. Nb5 d6 6. N1c3 a6 7. Na3 Nf6 8. Bg5 b5 9. Bxf6 gxf6 10. Nd5 f5 11. Bxb5 axb5 12. Nxb5 Ra4 13. c4 $2 {[%emt 0:00:10] [#]} ({White should play} 13. Nbc7+ $11 Kd7 14. O-O) 13... Qa5+ $2 {[%emt 0:10:40] B33: Sicilian: Pelikan and Sveshnikov Variations.} ({Black should try} 13... Rxc4 $17 14. O-O Be7) 14. b4 $1 $11 Nxb4 15. Nf6+ {[%emt 0:06:00] Pair of Knights!} Kd8 {[%emt 0:04:16] The position is equal.} 16. O-O {[%emt 0:00:07] [#]} Qa6 $146 {[%emt 0:05:39] [#] Threatens to win with ...Be7.} (16... Rxa2 17. Rxa2 Nxa2 18. Nxd6 $16) ({Predecessor:} 16... Bd7 17. Nxd6 Bxd6 18. Qxd6 Qc7 19. Qd2 Kc8 20. a3 Nc6 21. Nd5 Qa7 22. Rab1 Ra6 {1-0 (33) Potrata,J-Zatsch,A ICCF corr 1983}) 17. a3 {[%emt 0:06:29] The board is on fire.} Be6 $2 (17... Be7 $11 {and Black is okay.} 18. axb4 Rxa1 19. Qxa1 Qxa1 20. Rxa1 Bxf6) 18. axb4 $18 Rxa1 19. Qxa1 Qxa1 20. Rxa1 Bxc4 21. Ra8+ Ke7 22. Nd5+ Bxd5 23. exd5 h5 24. Na7 e4 $2 (24... Bg7 $2 25. Nc6+ Kf6 26. Rxh8 Bxh8 27. b5 $18) (24... Kd7 25. Nc6 Kc7) 25. Nc6+ Kd7 26. Ra7+ Ke8 27. b5 {[%emt 0:00:05] Black got outplayed after the opening.  Weighted Error Value: White=0.22 (precise) /Black=1.14} 1-0

[Event "13th Chennai Open 2022"]
[Site "Chennai"]
[Date "2022.06.20"]
[Round "2.11"]
[White "Vengatesh Krishnan C"]
[Black "Nguyen, Duc Hoa"]
[Result "0-1"]
[ECO "A35"]
[WhiteElo "1581"]
[BlackElo "2398"]
[Annotator "RC"]
[PlyCount "40"]
[EventDate "2022.06.19"]
[EventType "swiss"]
[EventCountry "IND"]
[SourceTitle "playchess.com"]
[Source "ChessBase"]
[SourceQuality "1"]
[TimeControl "5400+30"]

1. d4 Nf6 2. c4 g6 3. Nc3 d5 4. Nf3 Bg7 5. e3 O-O 6. Be2 c5 7. O-O cxd4 8. Nxd4 Nc6 9. cxd5 Nxd5 10. Nxd5 Qxd5 11. Bf3 Qc5 12. Nxc6 bxc6 13. Qa4 Rb8 14. Rb1 Rd8 15. b4 Qc4 16. Bxc6 Bg4 17. Ba3 Rb6 18. Rfc1 Qa6 19. Qxa6 Rxa6 20. Bb2 Bxb2 0-1

[Event "13th Chennai Open 2022"]
[Site "Chennai"]
[Date "2022.06.20"]
[Round "2.12"]
[White "Harsh Suresh"]
[Black "Arjun Sidharth S"]
[Result "1/2-1/2"]
[ECO "A02"]
[WhiteElo "2392"]
[BlackElo "1623"]
[Annotator "TA"]
[PlyCount "103"]
[EventDate "2022.06.19"]
[EventType "swiss"]
[EventCountry "IND"]
[SourceTitle "playchess.com"]
[Source "ChessBase"]
[SourceQuality "1"]
[TimeControl "5400+30"]

1. f4 Nf6 2. Nf3 g6 3. b3 Bg7 4. Bb2 d6 5. e3 O-O 6. Be2 c5 $1 {[%emt 0:00:58] The main line 6...c5 scores better than 6...Nc6.} 7. O-O Nc6 8. h3 e5 {[%emt 0:09:37] [#] A02: Bird's Opening.} 9. fxe5 $146 ({Predecessor:} 9. g4 Ne4 10. Qe1 Ng3 11. Qxg3 exf4 12. exf4 Bxb2 13. Nc3 Bxa1 14. Rxa1 d5 15. f5 Re8 16. fxg6 hxg6 {0-1 (24) Hansen,C-Light,B Randers 1990}) 9... Ne4 10. Qe1 {[%emt 0:05:24] Against Ng3} dxe5 {[%emt 0:03:54] Black is slightly better.} 11. a4 (11. Na3 $11) 11... Ng5 (11... Nd6 $17) 12. Nxg5 Qxg5 13. Kh2 Nb4 14. Na3 e4 15. Bxg7 Kxg7 16. Bc4 Qe5+ 17. Qg3 Qxg3+ 18. Kxg3 a6 19. c3 Nc6 20. Bd5 f5 21. Nc4 Ne7 22. Nb6 Rb8 $1 {[%emt 0:00:20] Hoping for ...Rf6.} 23. c4 a5 $1 24. d3 exd3 ({Reject} 24... Nxd5 25. cxd5 exd3 26. Rfd1 $11) 25. Rad1 Rf6 26. Nxc8 Rxc8 (26... Nxd5 $15 27. cxd5 Rxc8) 27. Rxd3 $11 Rd8 28. Rfd1 Rfd6 29. e4 (29. h4 {keeps more tension.} Nc6 30. e4 R8d7 31. exf5 gxf5 32. Re3) 29... fxe4 30. Bxe4 Rxd3+ 31. Rxd3 Rxd3+ 32. Bxd3 {[%emt 0:00:02][%mdl 4096] Endgame KB-KN} b6 33. Be4 Kf6 {[%emt 0:00:19] [#] ...Ke5 is the strong threat.} 34. Kf4 Nc8 35. h4 h6 36. Bd3 Nd6 37. Bc2 Nf7 38. Bb1 Nd6 39. Bd3 g5+ 40. Kg4 Nf7 {[%emt 0:03:33] [#] And now ...Ne5+ would win.} (40... gxh4 $5 41. Kf4 Nf7 $15) 41. Be4 {[%emt 0:00:59] The position is equal.} Nd6 42. Bc2 Nf7 43. Be4 Nd6 44. Bc2 Nf7 45. Kh5 gxh4 46. Kxh4 Ng5 47. Kh5 Kg7 48. Bf5 Nf7 49. Be4 Ng5 50. Bf5 Nf7 51. Be4 Ng5 52. Bf5 {[%emt 0:00:12] Weighted Error Value: White=0.08 (flawless) /Black=0.07 (flawless)} 1/2-1/2

[Event "13th Chennai Open 2022"]
[Site "Chennai"]
[Date "2022.06.20"]
[Round "2.13"]
[White "Ashvath Mittal"]
[Black "Nguyen, Van Huy"]
[Result "*"]
[ECO "B12"]
[WhiteElo "1419"]
[BlackElo "2405"]
[Annotator "TA"]
[PlyCount "42"]
[EventDate "2022.06.19"]
[EventType "swiss"]
[EventCountry "IND"]
[SourceTitle "playchess.com"]
[Source "ChessBase"]
[SourceQuality "1"]
[TimeControl "5400+30"]

1. e4 c6 2. d4 d5 3. e5 Bf5 4. Nf3 e6 5. Be2 Nd7 6. O-O Ne7 7. h3 {[%emt 0:00:03] B12: Caro-Kann: Advance Variation.} Nc8 8. b3 Be7 9. c4 {[%emt 0:00:05][%cal Bc2c4,Bc4c5][%mdl 32] White has an edge.} O-O 10. Nc3 {[%emt 0:00:04] [#]} a5 $146 ({Predecessor:} 10... a6 11. Bb2 b5 12. cxd5 cxd5 13. Bd3 Bxd3 14. Qxd3 Na7 15. Rfe1 Nc6 16. Nh2 Qb6 {0-1 (47) Torella,R (1984)-Mahia,G (2364) Buenos Aires 2011}) 11. Bd3 Bg6 12. a3 ({White should play} 12. Bxg6 $16 hxg6 13. Qd3) 12... Qb6 (12... Bxd3 $14 13. Qxd3 Re8) 13. c5 Qa7 {[%emt 0:00:46] [#]} 14. Be3 {[%emt 0:05:52] White is more active.} (14. Bxg6 $1 $16 hxg6 15. Bd2) 14... Bxd3 $1 $11 15. Qxd3 Qa6 (15... b6 {is more complex.} 16. cxb6 Qxb6 17. Na4 Qb5) 16. Qxa6 Rxa6 17. Nd2 f6 {[%emt 0:02:18] The position is equal.} 18. f4 fxe5 19. fxe5 b6 20. b4 axb4 21. axb4 Rxf1+ {[%emt 0:00:00] Weighted Error Value: White=0.23 (precise) /Black=0.13 (very precise)} *

[Event "13th Chennai Open 2022"]
[Site "Chennai"]
[Date "2022.06.20"]
[Round "2.14"]
[White "Hari Madhavan N B"]
[Black "Hari Ganesh T"]
[Result "1-0"]
[ECO "E05"]
[WhiteElo "2374"]
[BlackElo "1609"]
[Annotator "TA"]
[PlyCount "99"]
[EventDate "2022.06.19"]
[EventType "swiss"]
[EventCountry "IND"]
[SourceTitle "playchess.com"]
[Source "ChessBase"]
[SourceQuality "1"]
[TimeControl "5400+30"]

1. d4 Nf6 2. Nf3 e6 3. c4 d5 4. g3 Be7 5. Bg2 O-O 6. O-O dxc4 7. Qc2 b5 8. a4 {[%emt 0:00:10] E05: Open Catalan: 5 Nf3 Be7.} b4 9. Nbd2 Bb7 10. Nxc4 {[%emt 0:00:08] The position is equal.} Be4 {[%emt 0:02:32] 10...c5 is the fancy move.} 11. Qd1 c5 12. dxc5 Bxc5 13. Qxd8 Rxd8 14. Bg5 {[%emt 0:00:10] [#]} h6 $146 ({Predecessor:} 14... Nbd7 15. Nfd2 Bxg2 16. Kxg2 Be7 17. Na5 Rdc8 18. Rfc1 h6 19. Be3 Rxc1 20. Rxc1 Nd5 {0-1 (45) Grabarczyk,M (2466)-Warakomski,T (2498) Warsaw 2014}) 15. Bxf6 gxf6 16. Nfd2 Bxg2 17. Kxg2 Nc6 18. Nb3 {[%emt 0:00:24] Pair of Knights!} Be7 19. Rfd1 f5 20. Rxd8+ Rxd8 21. Rc1 Bg5 22. Rc2 Nd4 23. Nxd4 Rxd4 $11 {[%emt 0:00:03][%mdl 4096] Endgame KRB-KRN} 24. b3 Rd1 25. Ne5 Bf6 26. Nc6 Bc3 (26... Rb1 $11) 27. Nxa7 $16 Rb1 28. Nb5 {[%emt 0:00:09] Black must now prevent Ra2.} Rxb3 29. a5 Rb1 30. Nxc3 bxc3 31. Rxc3 $18 {[%emt 0:00:06] Threatens to win with Ra3. KR-KR} Ra1 {[%emt 0:01:23] Against Ra3} 32. Rc8+ Kg7 33. Ra8 Ra2 34. Kf3 Ra3+ 35. e3 Ra2 (35... Kf6 $16 36. a6 h5) 36. a6 e5 37. h3 e4+ {[%emt 0:00:57] [#]} 38. Kg2 $1 h5 39. a7 Ra1 40. g4 fxg4 41. hxg4 hxg4 42. Kg3 f5 43. Kf4 Ra5 44. Kg5 Ra2 $2 {[%emt 0:00:59][%mdl 8192] [#] This move loses the game for Black.} (44... Kh7 $16) 45. Kxf5 {[%emt 0:00:00] White mates.} Rxf2+ 46. Kxe4 Ra2 47. Kf4 Ra4+ 48. e4 Kh7 49. Kg3 Kg7 50. e5 {[%emt 0:00:00] Weighted Error Value: White=0.04 (flawless) /Black=0.19 (very precise)} 1-0

[Event "13th Chennai Open 2022"]
[Site "Chennai"]
[Date "2022.06.20"]
[Round "2.15"]
[White "Badrinarayanan N"]
[Black "Gusain, Himal"]
[Result "0-1"]
[ECO "A21"]
[WhiteElo "1574"]
[BlackElo "2396"]
[Annotator "TA"]
[PlyCount "92"]
[EventDate "2022.06.19"]
[EventType "swiss"]
[EventCountry "IND"]
[SourceTitle "playchess.com"]
[Source "ChessBase"]
[SourceQuality "1"]
[TimeControl "5400+30"]

1. g3 e5 2. Bg2 f5 3. c4 Nf6 4. Nc3 Bb4 5. e3 Bxc3 6. bxc3 {[%emt 0:00:07] A21: English Opening: 1...e5 2 Nc3.} d6 7. d4 {[%emt 0:00:30] [#]} c5 $146 ({Predecessor:} 7... Qe7 8. Ba3 c5 9. Ne2 O-O 10. Rb1 Nc6 11. O-O Nd8 12. Qc2 Be6 13. d5 Bd7 {0-1 (26) Lepigoche,C (1879)-Blum,N (2180) La Roche sur Yon 2008}) 8. Ne2 (8. Nf3 $15) 8... Qc7 9. O-O Nc6 10. Ba3 b6 11. Nc1 O-O 12. Nb3 Ba6 13. Nd2 $1 Rad8 14. Rb1 {[%emt 0:06:59] White is now going downhill.} ({Better is} 14. Qf3 $15 Na5 15. Qxf5) 14... Na5 $17 ({Inferior is} 14... exd4 15. cxd4 cxd4 16. exd4 $11) 15. Qa4 Qd7 16. Qxd7 Rxd7 17. Rfd1 Nxc4 ({Stronger than} 17... Bxc4 18. Nxc4 Nxc4 19. Bc1 $17) 18. Nxc4 Bxc4 19. Rb2 e4 20. Rbd2 Bd3 21. f3 Re7 22. f4 Rd8 23. c4 (23. Rc1 $142) 23... cxd4 $19 ({Worse is} 23... Bxc4 24. dxc5 bxc5 25. Bxc5 $15) 24. exd4 Bxc4 25. Bf1 (25. Rc1 $142 b5 26. Bb4) 25... Bxf1 26. Kxf1 Rc7 27. d5 Kf7 28. Ke2 Ke7 29. Rg1 Rdc8 {[%emt 0:00:00] White must now prevent ...Ng4.} 30. h3 (30. Rg2 $142) 30... Rc2 31. g4 fxg4 32. hxg4 Nxd5 33. f5 e3 34. Rxc2 Rxc2+ {[%emt 0:00:00][%mdl 4096] Endgame KRB-KRN} 35. Kf3 Rxa2 36. Bc1 Ra4 37. Bb2 (37. Rd1 $142 Rf4+ 38. Kg3) 37... g6 38. Rh1 gxf5 39. Rh4 h6 40. Rxh6 Kd7 {[%emt 0:00:00] [#] ( -> ...Rf4+)} 41. g5 Rf4+ {[%emt 0:00:00] Black mates.} 42. Ke2 Rf2+ 43. Ke1 Rxb2 44. g6 Nf4 45. Rh7+ Kc6 46. Re7 Rb1# {[%emt 0:00:00] Weighted Error Value: White=0.81/Black=0.34} 0-1

[Event "13th Chennai Open 2022"]
[Site "Chennai"]
[Date "2022.06.20"]
[Round "2.16"]
[White "Girinath, P.D.S."]
[Black "Sujay B M"]
[Result "1-0"]
[ECO "B06"]
[WhiteElo "2361"]
[BlackElo "1603"]
[Annotator "TA"]
[PlyCount "68"]
[EventDate "2022.06.19"]
[EventType "swiss"]
[EventCountry "IND"]
[SourceTitle "playchess.com"]
[Source "ChessBase"]
[SourceQuality "1"]
[TimeControl "5400+30"]

1. e4 c5 2. Nf3 g6 3. c3 d5 4. exd5 Qxd5 5. d4 Bg7 6. Be3 cxd4 7. cxd4 Nh6 $2 {[%emt 0:02:47] [#] B06: Modern Defence.} (7... Qa5+ $11 8. Nc3 Nh6) 8. Nc3 $2 ({Only move:} 8. Qc1 $1 $18 Bg4 9. Bxh6 Bxh6 10. Qxh6 Bxf3 11. gxf3) 8... Qa5 $11 9. Qd2 Nf5 {[%emt 0:18:35] The position is equal.} 10. Nb5 Qxd2+ 11. Bxd2 {[%emt 0:02:11] Hoping for Nc7+.} Na6 {[%emt 0:00:38] [#] Inhibits Nc7+.} 12. g4 $146 ({Predecessor:} 12. Bd3 O-O 13. O-O Bd7 14. Rfe1 Bc6 15. Bc3 Rfd8 16. Rad1 e6 17. Ne5 Bd5 18. Bb1 {0-1 (37) Ker,A (2337)-Kulaots,K (2557) Turin 2006}) 12... Nd6 13. Nxd6+ exd6 14. h3 O-O (14... h5 $15 15. gxh5 (15. Bb5+ Kf8 $15) 15... Rxh5) 15. Bg2 Re8+ 16. Be3 Bd7 (16... Nb4 {looks sharper.} 17. Kd2 Bd7 18. Ne1 Rac8) 17. Kd2 Bc6 (17... Nb4 {is interesting.} 18. Ne1 Rac8 19. Bxb7 Rc7) 18. Rhe1 Nc7 19. Rac1 Ne6 20. Kd3 Rac8 21. Nh4 ({White should play} 21. Bh1 $15) 21... Bb5+ 22. Kd2 Bf6 ({Much worse is} 22... Bxd4 $6 23. Rxc8 Rxc8 24. Bxb7 Bxe3+ 25. Rxe3 $15) (22... Nxd4 $17 {...Nc6 is the strong threat.} 23. Bxb7 Rb8) 23. Nf3 (23. Rxc8 $11 Rxc8 24. Nf3) 23... Bc6 $17 24. Bh1 Bxf3 ({Black should try} 24... a5 $17) 25. Bxf3 $11 Bxd4 (25... Nxd4 $11 {remains equal.} 26. Bxb7 (26. Bxd4 Bxd4 27. Rxc8 Rxc8 $11) 26... Rb8) 26. Bxd4 $16 ({Much weaker is} 26. Bxb7 Bxe3+ 27. Rxe3 Rb8 $15) 26... Nxd4 27. Bxb7 Rb8 {[%emt 0:00:59] [#] Strongly threatening ...Rxe1.} 28. Rxe8+ Rxe8 {[%emt 0:00:01][%mdl 4096] Endgame KRB-KRN} 29. Rc8 Nf3+ 30. Kd3 Rxc8 31. Bxc8 Ng1 32. h4 {[%emt 0:00:50] Threatens to win with Ke3.} Nf3 33. h5 Kg7 34. hxg6 fxg6 {[%emt 0:00:35] Weighted Error Value: White=0.27 (precise) /Black=0.40} 1-0

[Event "13th Chennai Open 2022"]
[Site "Chennai"]
[Date "2022.06.20"]
[Round "2.17"]
[White "Jaivant R"]
[Black "Rajesh, V A V"]
[Result "1/2-1/2"]
[ECO "C54"]
[WhiteElo "1565"]
[BlackElo "2358"]
[Annotator "TA"]
[PlyCount "141"]
[EventDate "2022.06.19"]
[EventType "swiss"]
[EventCountry "IND"]
[SourceTitle "playchess.com"]
[Source "ChessBase"]
[SourceQuality "1"]
[TimeControl "5400+30"]

1. e4 e5 2. Nf3 Nc6 3. Bc4 Bc5 4. c3 Nf6 5. d4 exd4 6. e5 d5 7. Bb5 Ne4 8. cxd4 Bb6 9. Nc3 O-O 10. Be3 {[%emt 0:03:23] C54: Giuoco Piano: 4 c3 Nf6, main lines with 5 d4 and 5 d3.} Bg4 11. Be2 f5 {[%emt 0:05:38] And now ...f4 would win.} 12. exf6 {[%emt 0:05:39] Black has an edge.} Nxf6 ({Resist} 12... Qxf6 13. Nxd5 Qd6 14. Nc3 $14) 13. O-O Ne7 14. Ne5 Bxe2 15. Nxe2 Nf5 {[%emt 0:00:20] [#]} 16. Nf4 $146 ({Predecessor:} 16. Ng3 Nxe3 17. fxe3 c6 18. Qb3 Qe7 19. a4 Rab8 20. Nf5 Qe6 21. Nh4 Bc7 22. Nhf3 {0-1 (35) Nitish,B (2316)-Mitsis,G (2322) Anogia 2018}) 16... Qd6 {[%emt 0:02:44] Prevents Ne6.} (16... Ne4 {feels hotter.} 17. Ne6 Nxe3 18. fxe3 Rxf1+ 19. Qxf1 Qe7) 17. Qa4 Rae8 18. Nfd3 Nxe3 19. fxe3 c5 {[%emt 0:07:11] [#] ...cxd4 is the strong threat.} 20. Rae1 c4 21. Qb4 $2 ({White should try} 21. Nf2 $15) 21... Qc7 $19 22. Nf4 Ba5 23. Qa3 Bxe1 24. Rxe1 a6 25. h4 Rxe5 26. dxe5 Qxe5 {[%emt 0:00:05] Strongly threatening ...d4.} 27. Qc3 {[%emt 0:01:14] Prevents d4.} Re8 28. Qxe5 Rxe5 {[%emt 0:00:05][%mdl 4096] Endgame KRN-KRN} 29. Kf2 h6 30. Ng6 Re8 31. Re2 Kf7 32. Nf4 g5 33. hxg5 hxg5 34. Nh3 Kg6 35. Ke1 Ne4 36. Kd1 b5 37. Re1 Nc5 38. Nf2 (38. Re2 {was called for.}) 38... Rf8 39. Re2 Nd3 40. Ng4 Rf1+ 41. Kc2 Nb4+ 42. Kc3 Nxa2+ 43. Kd4 Kf5 44. Rf2+ Rxf2 45. Nxf2 {[%emt 0:00:03] KN-KN} Nb4 46. g4+ Ke6 47. e4 Nc2+ 48. Kc3 Ne1 {[%emt 0:00:53] aiming for ...Nf3.} 49. Kd4 Nf3+ 50. Ke3 Nh2 51. Kd4 dxe4 52. Nxe4 Nxg4 53. Nxg5+ Kd6 54. Ne4+ Kc6 {[%emt 0:00:05] Threatens to win with ...a5.} 55. b3 cxb3 56. Kc3 Kd5 57. Nd2 Ne5 58. Nxb3 Nc6 59. Nc1 a5 60. Nd3 Ne5 61. Nf4+ Kc6 62. Ne6 Kb6 63. Nd4 Nc6 64. Ne6 a4 65. Nf4 b4+ 66. Kc4 Ka5 67. Nd3 {[%emt 0:00:15] [#]} a3 $2 (67... b3 $1 {mates} 68. Kc3 Kb5 69. Nf2 Na5 70. Ne4 Nc4 71. Ng5 b2 72. Kc2 a3 73. Ne4 Kb4 74. Nc3 b1=Q+ 75. Kxb1 Kxc3 76. Ka2 Kb4 77. Ka1 Ne3 78. Kb1 Kc3 79. Kc1 Nc2 80. Kb1 Kb3 81. Kc1 a2 82. Kd2 a1=Q 83. Ke2 Qf6 84. Kd3 Qf3+ 85. Kd2 Qe3+ 86. Kd1 Qe1#) 68. Nxb4 $1 $11 {[%emt 0:00:07] The position is equal.} Nxb4 69. Kb3 a2 70. Kb2 Ka4 71. Ka1 {[%emt 0:02:20] Weighted Error Value: White=0.46/Black=0.01 (flawless)} 1/2-1/2

[Event "13th Chennai Open 2022"]
[Site "Chennai"]
[Date "2022.06.20"]
[Round "2.18"]
[White "Ravichandran, Siddharth"]
[Black "Praveen K B"]
[Result "1-0"]
[ECO "B52"]
[WhiteElo "2352"]
[BlackElo "1574"]
[Annotator "TA"]
[PlyCount "55"]
[EventDate "2022.06.19"]
[EventType "swiss"]
[EventCountry "IND"]
[SourceTitle "playchess.com"]
[Source "ChessBase"]
[SourceQuality "1"]
[TimeControl "5400+30"]

1. e4 c5 2. Nf3 d6 3. Bb5+ Bd7 4. Bxd7+ Qxd7 5. O-O Nc6 6. Qe2 {[%emt 0:02:13] B52: Sicilian: Moscow Variation with 3...Bd7.} g6 {[%emt 0:04:53] is the legacy move (6...Nf6).} 7. c3 Bg7 {[%emt 0:00:12] Against d4} 8. Rd1 {[%emt 0:00:22] The position is equal.} d5 9. exd5 Qxd5 10. d4 {[%emt 0:00:11] [#]} Rd8 $146 ({Predecessor:} 10... Nf6 11. Qb5 cxd4 12. Qxb7 Rb8 13. Qa6 Ne4 14. cxd4 e5 15. Qe2 Rd8 16. Nc3 Nxc3 17. bxc3 {1-0 (41) Cimer,E (2306)-Nejanky,M (2027) Villa Martelli 2017}) 11. Be3 cxd4 12. Nxd4 Bxd4 13. Bxd4 Nxd4 14. Rxd4 Qa5 15. Rxd8+ Qxd8 16. Na3 Nf6 17. Rd1 Qa5 18. Qe3 (18. Qf3 $5 ) 18... Qa4 {[%emt 0:16:49] Against Nc4} (18... h5 $11) 19. Rd4 $16 Qa6 20. h3 {[%emt 0:11:12] White is more active.} h5 21. Qe5 $40 {[%emt 0:03:15][%cal Re5b8][%mdl 128] [#] White goes for the king.} O-O 22. Qxe7 {[%emt 0:00:10] Strongly threatening Rd6.} Re8 23. Rd8 Rxd8 24. Qxd8+ Kg7 25. Qd4 Qe6 26. Nc4 b5 27. Nd6 Qxa2 $2 {[%emt 0:01:32][%mdl 8192] [#]} (27... a6 $16 28. a4 bxa4) 28. Ne8+ {[%emt 0:21:00] Weighted Error Value: White=0.05 (flawless) /Black=0.44} 1-0